 Dungeon Crawl Stone Soup version 0.30-a0-43-gbbf338a72c (webtiles) character file.

Game seed: 1685915533453266110

66 LnG the Covered (level 4, -3/40 HPs)
             Began as a Hill Orc Fighter on Aug 31, 2022.
             Slain by a gnoll
             ... wielding a +0 whip
              (5 damage)
             ... on level 3 of the Dungeon.
             The game lasted 00:06:28 (2249 turns).

LnG the Covered (Hill Orc Fighter)                  Turns: 2249, Time: 00:06:29

Health: -3/40      AC: 14    Str: 20    XL:     4   Next: 15%
Magic:  4/4        EV:  5    Int:  8    God:
Gold:   122        SH:  4    Dex: 10    Spells: 3/3 levels left

rFire   . . .      SeeInvis .    a - +0 war axe
rCold   . . .      Faith    .    c - +0 buckler
rNeg    . . .      Spirit   .    m - +1 plate armour
rPois   .          Reflect  .    (no helmet)
rElec   .          Harm     .    (no cloak)
rCorr   .          Rampage  .    (no gloves)
Will    .....                    i - +0 pair of boots
Stlth   ..........               (no amulet)
HPRegen 0.13/turn                (no ring)
MPRegen 0.09/turn                (no ring)

@: mighty
A: no striking features
a: no special abilities


You were on level 3 of the Dungeon.
You visited 1 branch of the dungeon, and saw 4 of its levels.

You collected 122 gold pieces.

Inventory:

Hand Weapons
 a - a +0 war axe (weapon)
Armour
 c - a +0 buckler (worn)
 i - a +0 pair of boots (worn)
 m - a +1 plate armour (worn)
Wands
 b - a wand of charming (7)
Scrolls
 h - a scroll of teleportation
Potions
 e - a potion of flight {unknown}
 f - 2 potions of haste {unknown}
 k - a potion of attraction {unknown}


   Skills:
 + Level 4.1 Fighting
 + Level 3.6 Axes
 + Level 4.1 Armour
 + Level 0.5 Dodging
 + Level 3.6 Shields


You had 3 spell levels left.
You didn't know any spells.
Your spell library contained the following spells:

 Spells                   Type           Power      Damage    Failure   Level
 Beastly Appendage        Tmut           0%         N/A       100%        1
 Wereblood                Tmut           0%         N/A       100%        2
 Spider Form              Tmut/Pois      0%         N/A       100%        3


Dungeon Overview and Level Annotations

Branches:
Dungeon (4/15)
 Temple: D:4-7

Altars:
Vehumet

Shops:
D:1 :

Annotations:
D:4 Grinder


Message History

You barely miss the orc. x2; The orc hits you but does no damage.
The orc hits you with a +0 hand axe.
You slash the orc!
You kill the orc!
You slash the orc!
You kill the orc!
No target in view!
You start resting.
HP restored.
A gnoll and a frilled lizard come into view.
The gnoll shouts!
The frilled lizard hisses angrily.
A gnoll comes into view. It is wielding a +3 flail.
The gnoll shouts!
The gnoll throws a throwing net.
You block the throwing net.
You see here a throwing net.
A gnoll comes into view. It is wielding a +0 whip.
The gnoll hits you from afar with a +0 spear.
You barely miss the gnoll.
The gnoll hits you from afar with a +0 spear.
The gnoll hits you with a +3 flail!
The gnoll hits you from afar with a +0 spear.
You are too injured to fight recklessly!
You are too injured to fight recklessly!
You are too injured to fight recklessly!
You are too injured to fight recklessly!
You feel very mighty all of a sudden. The gnoll hits you with a +3 flail.
The gnoll hits you but does no damage.
The frilled lizard completely misses you.
The gnoll shouts!
You slash the gnoll!
The gnoll is heavily wounded.
You closely miss the gnoll. You hit the frilled lizard.
You kill the frilled lizard!
The gnoll hits you with a +0 whip. The gnoll hits you but does no damage.
The gnoll hits you with a +3 flail!
* * * LOW HITPOINT WARNING * * *
You barely miss the gnoll.
The gnoll is heavily wounded.
You closely miss the gnoll. The gnoll hits you with a +0 whip.
You die...

## #........... .#
##............#.. .#
##...........#.. .# ###
.....# . .## #..
.....#.. ..####
#.###.......# .....#
#.##.....g..
###..#######.#.†##..# .
..............(.@.g.# ..
................gg....#.
..........|.##....##....
...........#...##.......
^........#.....††...# .
......)>.###.###<.#.#
####..)).........##...
......####....#... ...
.................##


You could see 4 gnolls.

Vanquished Creatures
  2 adders (D:2)
  A worm (D:2)
  A dart slug (D:2)
  3 orcs (D:3)
  6 ball pythons
  3 endoplasms (D:1)
  2 giant cockroaches (D:2)
  4 goblins
  A hobgoblin (D:3)
  2 kobolds
  A quokka (D:2)
  4 bats
  5 frilled lizards
  5 rats
40 creatures vanquished.

Notes
Turn   | Place    | Note
-------+----------+-------------------------------------------
     0 | D:1      | LnG the Hill Orc Fighter began the quest for the Orb.
     0 | D:1      | Reached XP level 1. HP: 19/19 MP: 1/1
   113 | D:1      | Found a faded altar of an unknown god.
   311 | D:1      | Reached XP level 2. HP: 27/27 MP: 2/2
   388 | D:1      | Found Qoequ's Vocational Training.
  1015 | D:2      | Reached XP level 3. HP: 20/33 MP: 3/3
  1277 | D:4      | Found a radiant altar of Vehumet.
  1848 | D:2      | Reached XP level 4. HP: 40/40 MP: 4/4
  2159 | D:4      | Noticed Grinder
  2248 | D:3      | HP: 1/40 [gnoll/+3 flail (12)]
  2249 | D:3      | Slain by a gnoll

Illustrated notes

Levels and vault maps discovered:
D:1:      onia_arrival_pentagram, layout_basic,
          hellmonk_ecumenical_altar_lost_god, minmay_strange_pillars,
          nicolae_shop_vocational
D:2:      layout_basic, kennysheep_doodads
D:3:      minmay_goblin_kobold_castle, layout_rooms,
          nicolae_overflow_crystal_walls, uniq_natasha, uniq_ijyb
D:4:      layout_basic, fiery_altar_vehumet, uniq_grinder, uniq_pikel

Skill      XL: |  1  2  3 |
---------------+----------+-----
Axes           | 3 |  3.6
Fighting       | 4 |  4.1
Armour         | 4 |  4.1
Dodging        | |  0.5
Shields        | |  3.6

Action                   |  1- 3 |  4- 6 || total
-------------------------+-------+-------++-------
Melee: War axe           |   121 |    10 ||   131
  Use: Scroll            |     5 |       ||     5
       Potion            |       |     1 ||     1
Armor: Scale mail        |    33 |       ||    33
       Plate armour      |    76 |    11 ||    87
Dodge: Dodged            |    50 |     6 ||    56
Block: Buckler           |    23 |     2 ||    25

Table legend: (Time is in decaauts)
 A = Elapsed time spent in this place.
 B = Non-inter-level travel time spent in this place.
 C = Inter-level travel time spent in this place.
 D = Time resting spent in this place.
 E = Time spent auto-exploring this place.
 F = Levels seen in this place.
 G = Mean time per level.
                   A        B        C        D        E       F      G
               +--------+--------+--------+--------+--------+-----+--------+
         Total |   2304 |   2246 |     58 |    574 |    835 |   4 |  576.0 |
       Dungeon |   2304 |   2246 |     58 |    574 |    835 |   4 |  576.0 |
               +--------+--------+--------+--------+--------+-----+--------+

Top non-repeatable levels by time:
     D:2: 1144 daAuts
     D:1: 982 daAuts
     D:3: 174 daAuts
     D:4: 3 daAuts
